 Dungeon Crawl Stone Soup version 0.19.4-8-ga85b6b9 (webtiles) character file.

41142 JeffiDaFish the Protected (level 14, 0/91 HPs)
             Began as a Gargoyle Fighter on Feb 7, 2017.
             Was the Champion of Makhleb.
             Slain by a wyvern (10 damage)
             ... on level 5 of the Lair of Beasts.
             The game lasted 00:51:06 (15586 turns).

JeffiDaFish the Protected (Gargoyle Fighter)       Turns: 15586, Time: 00:51:07

Health: 0/91       AC: 30    Str: 26    XL:     14   Next: 14%
Magic:  23/23      EV: 16    Int: 16    God:    Makhleb [******]
Gold:   801        SH:  5    Dex: 18    Spells: 2 memorised, 20 levels left

rFire  . . .     SeeInvis .     l - +3 dire flail (protect)
rCold  . . .     Gourm    .     m - +0 plate armour
rNeg   + + .     Faith    .     (shield currently unavailable)
rPois  ∞         Spirit   .     (no helmet)
rElec  +         Reflect  +     o - +1 cloak
rCorr  +         Harm     .     a - +1 pair of gloves
MR     ++...                    (no boots)
Stlth  ..........               t - +5 amulet of reflection
                                k - +5 ring of intelligence
                                s - ring of Qyhysun {rCorr rN+ MR+}

@: mighty, agile
A: big wings, blink, clever 1, negative energy resistance 1, electricity
resistance, unbreathing, petrification resistance, rot immunity, AC +9
a: Fly, Blink, Minor Destruction, Lesser Servant of Makhleb, Major Destruction,
Greater Servant of Makhleb, Renounce Religion


You were on level 5 of the Lair of Beasts.
You worshipped Makhleb.
Makhleb was exalted by your worship.
You were hungry.

You visited 3 branches of the dungeon, and saw 17 of its levels.
You also visited: Bailey.

You collected 801 gold pieces.

Inventory:

Hand Weapons
 l - a +3 dire flail of protection (weapon)
Armour
 a - a +1 pair of gloves (worn)
 m - a +0 plate armour (worn)
 o - a +1 cloak (worn)
Jewellery
 e - an uncursed ring of see invisible
 k - a +5 ring of intelligence (right hand)
 s - the ring of Qyhysun (left hand) {rCorr rN+ MR+}
   (You found it on level 5 of the Dungeon)

   [ring of resist corrosion]

   It protects you from negative energy.
   It affects your resistance to hostile enchantments.
 t - a +5 amulet of reflection (around neck)
Wands
 D - a wand of acid (3/15)
Scrolls
 d - a scroll of remove curse
 n - 6 scrolls of identify
 v - a scroll of amnesia
 x - 2 scrolls of recharging
 y - 3 scrolls of fear
 F - a scroll of fog
Potions
 b - 2 potions of magic
 q - 4 potions of flight
 u - a potion of cure mutation
 G - a potion of resistance
Books
 r - a book of Frost

   Spells                             Type                      Level
   a - Freeze                         Ice                          1
   b - Throw Frost                    Conjuration/Ice              2
   c - Ozocubu's Armour               Charms/Ice                   3
   d - Throw Icicle                   Conjuration/Ice              4
   e - Summon Ice Beast               Ice/Summoning                4
Comestibles
 f - 11 bread rations
 g - 3 beef jerkies
 h - 8 meat rations
 i - 8 royal jellies
 A - a slice of pizza
 B - 11 fruits


   Skills:
 * Level 11.6 Fighting
 * Level 11.3 Maces & Flails
 * Level 11.9 Armour
 + Level 6.1 Dodging
 - Level 1.4 Stealth
   Level 11.0 Shields
 + Level 6.2 Spellcasting
 + Level 7.2 Ice Magic


You had 20 spell levels left.
You knew the following spells:

 Your Spells              Type           Power        Failure   Level  Hunger
a - Freeze                Ice            ####         8%          1    None
b - Throw Icicle          Conj/Ice       ###.....     100%        4    ####...


Dungeon Overview and Level Annotations

Branches:
Dungeon (10/15)            Temple (1/1) D:4            Lair (6/6) D:10
  Swamp (0/4) Lair:3       Spider (0/4) Lair:4
  Slime: Lair:5-6       Orc: D:9-12

Altars:
Ashenzari
Cheibriados
Dithmenos
Elyvilon
Fedhas
Gozag
Hepliaklqana
Kikubaaqudgha
Makhleb
Nemelex Xobeh
Okawaru
Qazlal
Ru
Sif Muna
Trog
Uskayaw
Vehumet
Xom
Yredelemnul
Zin
The Shining One

Shops:
D:6 !   D:9 :

Portals:
Trove: D:10 (give +3 storm dragon scales)

Annotations:
Lair:1 Sonja
Lair:5 exclusion: 2 oklob plants


Innate Abilities, Weirdness & Mutations

You are resistant to torment.
Your stone body is resilient. (AC +9)
You are immune to poison.
Your large and strong wings let you fly indefinitely.
You resist negative energy. (rN+)
You are resistant to electric shocks. (rElec)
You can survive without breathing.
You are immune to petrification.
You are immune to rotting.
You can translocate small distances at will.
Your mind is acute. (Int +2)


Message History

You are encased in ice.
You climb upwards.
Level annotation: exclusion: 2 oklob plants
There is a stone staircase leading down here.
You feel very mighty all of a sudden. The ice encasing you melts away.
The wyvern bites you but does no damage.
The rime drake bites you but does no damage.
The wyvern closely misses you.
You bludgeon the rime drake!!
Your weapon exudes an aura of protection.
You kill the rime drake!
Makhleb accepts your kill.
You feel better.
The wyvern bites you but does no damage.
You closely miss the wyvern. The wyvern closely misses you.
Your plate armour prevents you from hitting the wyvern.
The wyvern closely misses you.
You closely miss the wyvern. The wyvern bites you!
You die...

....# ##................#
#....#. ...P.
##..........<....####....#
...P.
#.......###...#...#.P....#
##......##..PP......P....#
#.....##...............PP
##.....##.....#P..........
#.......#........###.....#
##.##.......(.....#.#....#
###.....@l........##...##
##.............##......
#.....................
#....................#
#.............#....###
##.............#.....##
###...................###
##.##...................##
#.........................


You could see a wyvern.

Vanquished Creatures
  A dire elephant (Lair:6)
  7 hydras
  An orc high priest (Bailey)
  2 unseen horrors (D:10)
  2 hill giants
  Pikel (D:7)
  A harpy (Lair:6)
  2 wolf spiders (Lair:4)
  2 orc knights (Bailey)
  An ugly thing (D:9)
  The ghost of Disthyme the Vexing, a novice SpEn (D:6)
  An oklob plant (Lair:4)
  An orc sorcerer (Bailey)
  7 elephants
  3 black mambas
  Maurice (D:9)
  Psyche (D:8)
  7 spiny frogs
  2 torpor snails (Lair:6)
  4 rime drakes
  The ghost of JeffiDaFish the Covered, a novice GrFi of Makhleb (D:5)
  6 komodo dragons
  A jumping spider (Lair:4)
  3 hornets
  A polar bear (Lair:4)
  A tyrant leech (Lair:3)
  Grinder (D:3)
  A queen bee (D:9)
  A two-headed ogre (D:8)
  4 blink frogs (Lair:2)
  2 dream sheep
  Prince Ribbit (D:8)
  4 hippogriffs
  A redback (Lair:4)
  2 wyverns
  Sigmund (D:4)
  12 yaks
  2 basilisks
  A vampire mosquito (Lair:3)
  Edmund (D:4)
  2 swamp worms (Lair:3)
  Duvessa (D:4)
  12 water moccasins
  18 porcupines
  A hornet zombie (D:10)
  11 orc warriors
  An ice beast (D:6)
  2 black bears
  6 sky beasts
  The ghost of Krim the Slasher, an amateur MiGl of the Shining One (D:3)
  2 phantoms
  6 wolves (Lair:5)
  4 ogres
  15 crocodiles
  3 centaurs
  2 big kobolds
  2 gnoll sergeants
  15 bullfrogs
  Blork the orc (D:4)
  A wyvern zombie (D:8)
  Dowan (D:4)
  6 scorpions
  15 killer bees
  5 electric eels
  4 wights (D:10)
  7 howler monkeys
  A crimson imp (D:6)
  3 centaur zombies
  8 orc priests
  A gnoll shaman (D:5)
  7 hounds
  A centaur skeleton (D:7)
  10 orc wizards
  2 bullfrog skeletons
  8 iguanas (D:10)
  Natasha (D:4)
  Terence (D:3)
  9 worker ants
  A worker ant zombie (D:9)
  20 gnolls
  3 river rats
  8 adders
  An ooze (D:2)
  2 adder skeletons
  2 worms
  A dart slug (D:3)
  5 leopard geckos
  40 orcs
  9 giant cockroaches
  15 goblins
  16 hobgoblins
  3 jackals (D:6)
  5 quokkas
  2 ball pythons (D:5)
  6 bats
  10 frilled lizards
  A jackal skeleton (D:6)
  11 kobolds
  A quokka zombie (D:5)
  16 rats
469 creatures vanquished.

Vanquished Creatures (collateral kills)
  A water moccasin (Lair:4)
  A crocodile (Lair:4)
2 creatures vanquished.

Vanquished Creatures (others)
  A hungry ghost (D:7)
  A slave (D:7)
  A hound (D:7)
  An adder skeleton (D:7)
  A kobold (D:7)
  8 fungi
  7 plants
20 creatures vanquished.

Grand Total: 491 creatures vanquished

Notes
Turn   | Place    | Note
-------+----------+-------------------------------------------
     0 | D:1      | JeffiDaFish the Gargoyle Fighter began the quest for the Orb.
     0 | D:1      | Reached XP level 1. HP: 14/14 MP: 1/1
   164 | D:1      | Reached XP level 2. HP: 19/19 MP: 2/2
   450 | D:1      | Reached XP level 3. HP: 23/23 MP: 3/3
  1440 | D:3      | Reached XP level 4. HP: 27/28 MP: 4/4
  1585 | D:3      | Noticed Grinder
  1588 | D:3      | Paralysed by Grinder for 2 turns
  1597 | D:3      | Killed Grinder
  1597 | D:3      | Reached XP level 5. HP: 26/33 MP: 5/5
  1597 | D:3      | Reached XP level 6. HP: 30/38 MP: 6/6
  1811 | D:3      | Noticed Krim's ghost (amateur MiGl)
  1832 | D:3      | Killed Krim's ghost
  1832 | D:3      | Reached skill level 1 in Dodging
  2164 | D:3      | HP: 1/38 [orc priest/short sword (1)]
  2168 | D:3      | Reached XP level 7. HP: 2/43 MP: 7/7
  2172 | D:3      | HP: 2/43 [adder (1)]
  2551 | D:3      | Found a sacrificial altar of Ru.
  2564 | D:3      | Reached skill level 5 in Maces & Flails
  2564 | D:3      | Reached skill level 5 in Armour
  2683 | D:3      | Noticed Terence
  2696 | D:3      | Killed Terence
  3083 | D:4      | Noticed Sigmund
  3097 | D:4      | Killed Sigmund
  3097 | D:4      | Reached skill level 5 in Shields
  3190 | D:4      | Found a blossoming altar of Fedhas.
  3235 | D:4      | Found a staircase to the Ecumenical Temple.
  3261 | D:4      | Noticed Blork the orc
  3268 | Temple   | Entered the Ecumenical Temple
  3420 | D:4      | Killed Blork the orc
  3432 | D:4      | Reached skill level 1 in Stealth
  3432 | D:4      | Reached XP level 8. HP: 48/48 MP: 8/8
  3466 | D:4      | Noticed Duvessa
  3466 | D:4      | Noticed Dowan
  3474 | D:4      | Killed Duvessa
  3475 | D:4      | Killed Dowan
  3475 | D:4      | Reached skill level 5 in Fighting
  3543 | D:4      | Noticed Edmund
  3587 | D:4      | Killed Edmund
  3609 | D:4      | Learned a level 1 spell: Freeze
  3618 | D:4      | Noticed Natasha
  3630 | D:4      | Killed Natasha
  3724 | D:5      | Entered Level 5 of the Dungeon
  3767 | D:5      | Got a glittering bone ring
  3787 | D:5      | Noticed JeffiDaFish's ghost (novice GrFi)
  3789 | D:5      | Identified the ring of Qyhysun {rCorr rN+ MR+} (You found it on level 5 of the Dungeon)
  3803 | D:5      | Killed JeffiDaFish's ghost
  3803 | D:5      | Reached skill level 1 in Ice Magic
  3808 | D:5      | Reached skill level 1 in Spellcasting
  4173 | D:5      | Reached XP level 9. HP: 55/55 MP: 10/10
  4413 | D:5      | Gained mutation: You can translocate small distances at will. [potion of mutation]
  4413 | D:5      | Gained mutation: You are frail. (-10% HP) [potion of mutation]
  4413 | D:5      | Gained mutation: Your mind is acute. (Int +2) [potion of mutation]
  4414 | D:5      | Lost mutation: You are frail. (-10% HP) [potion of cure mutation]
  4595 | D:5      | Found a basalt altar of Yredelemnul.
  4598 | D:5      | Found a hazy altar of Hepliaklqana.
  4598 | D:5      | Found a burning altar of Makhleb.
  4598 | D:5      | Found a sacrificial altar of Ru.
  4607 | D:5      | Found a shattered altar of Ashenzari.
  4611 | D:5      | Became a worshipper of Makhleb the Destroyer
  4614 | D:5      | Found a white marble altar of Elyvilon.
  4754 | D:6      | Noticed Disthyme's ghost (novice SpEn)
  4762 | D:6      | Killed Disthyme's ghost
  4790 | D:6      | Reached * piety under Makhleb
  4829 | D:6      | Found Wuaxocy's Distillery.
  5286 | D:6      | Reached XP level 10. HP: 63/63 MP: 13/13
  5369 | D:6      | Found a snail-covered altar of Cheibriados.
  5448 | D:7      | Noticed Pikel
  5463 | D:7      | Killed Pikel
  5463 | D:7      | Reached ** piety under Makhleb
  5536 | D:7      | Noticed a hill giant
  5544 | D:7      | Killed a hill giant
  5881 | D:7      | Found a stormy altar of Qazlal.
  6219 | D:8      | Noticed Prince Ribbit
  6224 | D:8      | Killed Prince Ribbit
  6533 | D:8      | Noticed Psyche
  6535 | D:8      | Reached *** piety under Makhleb
  6546 | D:8      | Killed Psyche
  6546 | D:8      | Reached XP level 11. HP: 50/68 MP: 15/15
  7147 | D:9      | Noticed Maurice
  7185 | D:9      | Killed Maurice
  7255 | D:9      | Noticed a hill giant
  7281 | D:9      | Killed a hill giant
  7353 | D:9      | Found Celecrut's Book Shop.
  7408 | D:9      | Found a hazy altar of Hepliaklqana.
  7432 | D:9      | Reached **** piety under Makhleb
  7521 | D:9      | Noticed a purple ugly thing
  7531 | D:9      | Killed a purple ugly thing
  7577 | D:10     | Entered Level 10 of the Dungeon
  7581 | D:10     | Found a flagged portal.
  7596 | Bailey   | Entered a bailey
  7809 | Bailey   | Found an iron altar of Okawaru.
  7809 | Bailey   | Noticed an orc high priest
  7809 | Bailey   | Noticed an orc sorcerer
  7812 | Bailey   | Noticed a sixfirhy
  7820 | Bailey   | Killed an orc sorcerer
  7832 | Bailey   | Killed an orc high priest
  7919 | Bailey   | Noticed an orc knight
  7932 | Bailey   | Killed an orc knight
  7961 | Bailey   | Noticed an orc knight
  7975 | Bailey   | Killed an orc knight
  8224 | Bailey   | Reached ***** piety under Makhleb
  8409 | D:10     | Noticed an unseen horror
  8432 | D:10     | Killed an unseen horror
  8432 | D:10     | Reached skill level 5 in Ice Magic
  8499 | D:10     | Found a staircase to the Lair.
  8526 | D:10     | Reached XP level 12. HP: 76/76 MP: 18/18
  8696 | D:10     | Found a portal to a secret trove of treasure.
  8820 | D:10     | Reached skill level 10 in Shields
  9535 | Lair:1   | Entered Level 1 of the Lair of Beasts
  9648 | Lair:1   | Noticed Sonja
 10729 | Lair:2   | Noticed a four-headed hydra
 10741 | Lair:2   | Killed a four-headed hydra
 10753 | Lair:2   | Reached skill level 10 in Armour
 11230 | Lair:3   | Found a blossoming altar of Fedhas.
 11245 | Lair:3   | Reached skill level 10 in Fighting
 11245 | Lair:3   | Reached skill level 10 in Maces & Flails
 11553 | Lair:3   | Reached skill level 5 in Dodging
 11980 | Lair:3   | Found a staircase to the Swamp.
 12597 | Lair:4   | Reached XP level 13. HP: 79/83 MP: 20/20
 12807 | Lair:4   | Learned a level 4 spell: Throw Icicle
 12909 | Lair:4   | Reached skill level 5 in Spellcasting
 12955 | Lair:4   | Found a hole to the Spider Nest.
 14062 | Lair:5   | Reached ****** piety under Makhleb
 14441 | Lair:6   | Entered Level 6 of the Lair of Beasts
 15092 | Lair:6   | Noticed a dire elephant
 15109 | Lair:6   | Killed a dire elephant
 15150 | Lair:6   | HP: 1/84 [komodo dragon (14)]
 15163 | Lair:6   | Gained mutation: Your large and strong wings let you fly indefinitely. [Gargoyle growth]
 15163 | Lair:6   | Reached XP level 14. HP: 47/90 MP: 23/23
 15580 | Lair:6   | HP: 3/91 [rime drake/flash freeze (10)]
 15586 | Lair:5   | Slain by a wyvern

Skill      XL: |  1  2  3  4  5  6  7  8  9 10 11 12 13 14 |
---------------+-------------------------------------------+-----
Fighting       | 4 5 7 8 9 10 11 | 11.6
Maces & Flails | 4 5 6 7 8 9 10 11 | 11.3
Armour         | 4 5 6 7 8 9 10 11 | 11.9
Shields        | 4 5 6 7 8 9 10 11 | 11.0
Dodging        | 1 2 3 4 5 6 |  6.1
Stealth        | 1 |  1.4
Ice Magic      | 1 2 4 5 7 |  7.2
Spellcasting   | 1 2 3 4 6 |  6.2

Action                   |  1- 3 |  4- 6 |  7- 9 | 10-12 | 13-15 || total
-------------------------+-------+-------+-------+-------+-------++-------
Melee: Flail             |   137 |   104 |   187 |       |       ||   428
       Dire flail        |       |       |   283 |  1140 |   614 ||  2037
  Use: Potion            |     3 |     2 |     9 |    10 |     8 ||    32
       Scroll            |     2 |     1 |     8 |     7 |     7 ||    25
 Stab: Invisible         |     3 |       |     1 |       |       ||     4
       Paralysed         |       |       |     1 |       |       ||     1
  Eat: Chunk             |     2 |     2 |    12 |    21 |     8 ||    45
       Royal jelly       |       |       |       |     1 |     1 ||     2
       Fruit             |       |       |       |     2 |       ||     2
Armor: Scale mail        |    81 |    25 |       |       |       ||   106
       Chain mail        |       |    11 |     8 |       |       ||    19
       Plate armour      |       |       |   290 |   893 |   752 ||  1935
Dodge: Dodged            |    55 |    25 |    95 |   469 |   481 ||  1125
Block: Shield            |    61 |    50 |    95 |       |       ||   206
       Other             |       |       |    15 |   305 |   233 ||   553
       Reflection        |       |       |     3 |     4 |     1 ||     8
